 Dungeon Crawl Stone Soup version 0.32-a0-893-gf85d74f360 (webtiles) character file.

Game seed: 3253671773245933219

67719 Biggs the Warrior (level 15, -9/130 HPs)
             Began as a Coglin Gladiator on Apr 3, 2024.
             Was the Champion of Wu Jian.
             Mangled by a jumping spider simulacrum (20 damage)
             ... on level 1 of the Spider Nest.
             The game lasted 00:51:50 (19296 turns).

Biggs the Warrior (Coglin Gladiator)               Turns: 19296, Time: 00:51:51

Health: -9/130     AC: 12    Str: 18    XL:     15   Next: 24%
Magic:  15/15      EV: 20    Int: 13    God:    Wu Jian [******]
Gold:   2215       SH:  0    Dex: 24    Spells: 7/14 levels left

rFire   . . .        a - +0 long sword (venom) {Mettia}
rCold   . . .        N - +2 long sword (protect) {Latda}
rNeg    . . .        x - +6 leather armour of Hedonism {Fly}
rPois   +            t - +1 hat of Rudy {Regen+ Str+4}
rElec   +            y - +0 cloak "Fosuc" {rElec Int+3}
rCorr   +            b - +0 pair of fencer's gloves {Riposte Dex+3}
SInv    .            u - +2 pair of boots
Will    ++...        (amulet unavailable)
Stlth   ++           (ring unavailable)
HPRegen 1.21/turn    (ring unavailable)
MPRegen 0.54/turn    Z - cryopneumatic capacitor {RevMP, rPois Will+ rCorr}

%: no passive effects
@: exhausted, corroded, under a protective aura, flying, revving
A: off-hand wielding, slow wielding, warmup strikes, no jewellery
a: Renounce Religion, Wall Jump, Serpent's Lash, Heavenly Storm


You were on level 1 of the Spider Nest.
You worshipped Wu Jian.
Wu Jian was exalted by your worship.
You visited 5 branches of the dungeon, and saw 21 of its levels.
You also visited: Ossuary and Gauntlet.

You collected 2527 gold pieces.
You spent 312 gold pieces at shops.

Inventory:

Hand Weapons
 a - a +0 long sword of venom (weapon) {Mettia}
 C - a +0 long sword of venom {Umi}
 I - a +2 long sword
 N - a +2 long sword of protection (offhand) {Latda}
 V - a +0 quick blade
Missiles
 d - 5 throwing nets (quivered)
 e - 4 javelins
Armour
 b - the +0 pair of fencer's gloves (worn) {Riposte Dex+3}
   (You acquired it on level 9 of the Dungeon)

   Riposte:   It allows the wearer to riposte with melee weapons, swiftly
   retaliating against missed or blocked melee attacks.
   Dex+3:     It affects your dexterity (+3).
 j - a +1 troll leather armour {Snorg}
 t - the +1 hat of Rudy (worn) {Regen+ Str+4}
   (You found it in a Gauntlet)

   Str+4:     It affects your strength (+4).
   Regen+:    It increases your rate of health regeneration.
 u - a +2 pair of boots (worn)
 x - the +6 leather armour of Hedonism (worn) {Fly}
   (You found it on level 4 of the Dungeon)

   Fly:       It grants you flight.
 y - the +0 cloak "Fosuc" (worn) {rElec Int+3}
   (You found it on level 2 of the Lair of Beasts)

   Int+3:     It affects your intelligence (+3).
   rElec:     It insulates you from electricity.
 R - the +1 pair of gloves of Hairiness {^Contam rElec Int+3 Stlth+}
   (You found it in a Gauntlet)

   Int+3:     It affects your intelligence (+3).
   rElec:     It insulates you from electricity.
   ^Contam:   It causes magical contamination when unequipped.
   Stlth+:    It makes you more stealthy.
Gizmo
 Z - a cryopneumatic capacitor (installed) {RevMP, rPois Will+ rCorr}
   (You invented it yourself on level 5 of the Lair of Beasts)

   [cryopneumatic capacitor]

   RevMP:     Your magic regeneration increases greatly based on how Revved you
   are.
   rPois:     It protects you from poison.
   Will+:     It increases your willpower.
   rCorr:     It protects you from acid and corrosion.
Wands
 l - a wand of flame (73)
 n - a wand of quicksilver (10)
 o - a wand of iceblast (19)
 G - a wand of digging (17)
 H - a wand of mindburst (2)
 U - a wand of paralysis (15)
 W - a wand of polymorph (3)
Scrolls
 c - 2 scrolls of fear
 i - 3 scrolls of vulnerability
 m - 3 scrolls of enchant weapon
 p - 3 scrolls of poison
 r - 7 scrolls of teleportation
 A - a scroll of amnesia
 B - 3 scrolls of immolation
 F - a scroll of summoning
 K - 4 scrolls of blinking
 S - 2 scrolls of fog
 T - a scroll of enchant armour
Potions
 g - 3 potions of brilliance
 h - 5 potions of ambrosia
 k - 10 potions of curing
 q - 7 potions of haste
 s - a potion of lignification {unknown}
 v - a potion of berserk rage {unknown}
 w - 5 potions of heal wounds
 z - a potion of resistance {unknown}
 D - 6 potions of might {unknown}
 E - 3 potions of mutation {unknown}
 J - a potion of attraction {unknown}
 X - a potion of magic {unknown}
 Y - a potion of invisibility {unknown}
Miscellaneous
 f - a box of beasts
 L - a Gell's gravitambourine (2/2)
 M - a condenser vane
 Q - a phantom mirror


   Skills:
 + Level 15.6 Fighting
 - Level 14.3 Long Blades
 - Level 1.7 Throwing
 - Level 11.6 Dodging
 - Level 15.0 Evocations


You had 7 spell levels left.
You knew the following spells:

 Your Spells              Type           Power      Damage    Failure   Level
a - Manifold Assault      Tloc           0%         N/A       100%        7

Your spell library contained the following spells:

 Spells                   Type           Power      Damage    Failure   Level
 Necrotise                Necr           0%         1d4       36%         1
 Blink                    Tloc           0%         N/A       50%         2
 Call Imp                 Summ           0%         N/A       50%         2
 Lesser Beckoning         Tloc           0%         N/A       50%         2
 Momentum Strike          Conj/Tloc      0%         3d8       50%         2
 Sublimation of Blood     Necr           0%         N/A       50%         2
 Maxwell's Portable Pile  Tloc           0%         2d(5-13)  73%         3
 Sigil of Binding         Hex            0%         N/A       73%         3
 Teleport Other           Tloc           0%         N/A       73%         3
 Vampiric Draining        Necr           0%         2d6       73%         3
 Dimensional Bullseye     Hex/Tloc       0%         N/A       98%         4
 Leda's Liquefaction      Alch/Erth      0%         N/A       98%         4
 Martyr's Knell           Necr/Summ      0%         N/A       98%         4
 Olgreb's Toxic Radiance  Alch           0%         N/A       98%         4
 Passage of Golubria      Tloc           0%         N/A       98%         4
 Curse of Agony           Necr           0%         N/A       100%        5
 Lee's Rapid Deconstruct  Erth           0%         3d4*      100%        5
 Silence                  Hex/Air        0%         N/A       100%        5
 Bombard                  Conj/Erth      0%         9d1       100%        6
 Death Channel            Necr           0%         N/A       100%        6
 Dispersal                Tloc           0%         N/A       100%        6
 Gell's Gavotte           Tloc           0%         2d(11-16) 100%        6
 Permafrost Eruption      Ice/Erth       0%         2x4d1     100%        6
 Sculpt Simulacrum        Ice/Alch       0%         N/A       100%        6
 Ozocubu's Refrigeration  Ice            0%         4d7       100%        7
 Summon Hydra             Summ           0%         N/A       100%        7
 Discord                  Hex            0%         N/A       100%        8
 Disjunction              Tloc           0%         N/A       100%        8
 Lehudib's Crystal Spear  Conj/Erth      0%         10d2      100%        8


Dungeon Overview and Level Annotations

Branches:
Dungeon (12/15)            Temple (1/1) D:4            Lair (5/5) D:8
  Swamp (0/4) Lair:2       Spider (1/4) Lair:3        Slime (0/5) Lair:4
    Orc (2/2) D:12            Elf (0/3) Orc:2       Ossuary (visited)
Gauntlet (visited)

Altars:
Ashenzari
Cheibriados
Dithmenos
Elyvilon
Fedhas
Gozag
Hepliaklqana
Kikubaaqudgha
Makhleb
Nemelex Xobeh
Okawaru
Qazlal
Ru
Sif Muna
Trog
Uskayaw
Vehumet
Wu Jian
Xom
Yredelemnul
Zin
The Shining One
Beogh
Jiyva

Shops:
D:2 *   Orc:2 :[*(

Portals:
Trove: D:11 (give 9 potions of haste)

Annotations:
D:5 3 runed translucent doors, hexenhour's ghost, novice DjFE
D:10 2 runed translucent doors
Temple 2 transporters
Lair:1 2 transporters, Rickenoc's ghost, journeyman GnSu


Innate Abilities, Weirdness & Mutations

You can wield a second weapon in your off-hand.
It takes a long time for you to wield or remove held weapons.
Your first few attacks do less damage.
You cannot equip rings or amulets.


Message History

* * * LOW HITPOINT WARNING * * *
The jumping spider bites you.
* * * LOW HITPOINT WARNING * * *
Unknown command.
Your muscles tense, ready for explosive movement...
You spin and attack the tarantella simulacrum repeatedly, with incredible momentum.
You slash the tarantella simulacrum with your +0 long sword of venom!
The tarantella simulacrum is severely damaged.
You slash the tarantella simulacrum with your +2 long sword of protection!
The tarantella simulacrum vaporises!
You spin and attack the entropy weaver simulacrum, with incredible momentum.
You slash the entropy weaver simulacrum with your +2 long sword of protection!
The entropy weaver simulacrum is heavily damaged.
You hit the entropy weaver simulacrum with your +0 long sword of venom.
You spin and attack the jumping spider, with incredible momentum.
You slash the jumping spider with your +2 long sword of protection!
The jumping spider is heavily wounded.
You hit the jumping spider with your +0 long sword of venom.
The jumping spider is poisoned.
Unknown command.
You spin and attack the entropy weaver simulacrum, with incredible momentum.
You slash the entropy weaver simulacrum with your +0 long sword of venom!
The entropy weaver simulacrum vaporises!
You spin and attack the jumping spider repeatedly, with incredible momentum.
You slice the jumping spider with your +2 long sword of protection!!
You kill the jumping spider!
The Council accepts your kill.
Your supernatural speed expires.
Unknown command.
Unknown command.
A jumping spider simulacrum comes into view.
You see here a redback corpse.
You lunge at the jumping spider simulacrum.
You hit the jumping spider simulacrum but do no damage.
You slash the jumping spider simulacrum with your +2 long sword of protection!
Your weapon exudes an aura of protection.
The jumping spider simulacrum pounces on you!
* * * LOW HITPOINT WARNING * * *
The jumping spider simulacrum freezes you!!
You die...

..###### ## .....#.##### #.
#. ####. ...........###.###
..###..... ....##.##### ....
......... ...##.#>.##
#.####......... .#..#.....##
##....##........
#..........###........#......
#...........##............^..
...[........#..†@Z....#.#####
.............#^........#.#
....†......##..........# .#
............#..........# ..
......................... ..
.......................... .
##...†....................#
.....)#..###............###
###...#### .......


You could see a jumping spider simulacrum.

Vanquished Creatures
  An orc warlord (Orc:2)
  A dire elephant (Lair:5)
  Snorg (D:12)
  The ghost of pokedragonboy the Placeless Armataur, a journeyman AtWr of Cheibriados (Lair:2)
  A blizzard demon (Gauntlet)
  An entropy weaver (Spider:1)
  A catoblepas (Lair:5)
  2 hydras
  Erolcha (D:11)
  A centaur warrior (D:10)
  3 boulder beetles
  An ogre mage (Orc:2)
  7 two-headed ogres
  A merfolk avatar (Lair:5)
  An orc high priest (Orc:2)
  2 thrashing horrors (Gauntlet)
  A skyshark (Lair:5)
  A pharaoh ant (Spider:1)
  A sea snake (Lair:5)
  A harpy (Lair:5)
  A steelbarb worm (Spider:1)
  6 orc knights
  An obsidian bat (Orc:2)
  3 cyclopes
  A wolf spider (Spider:1)
  4 orc sorcerers
  A moth of wrath (Lair:2)
  2 ugly things
  2 manticores
  7 elephants
  A kobold blastminer (Orc:1)
  An ice statue (Gauntlet)
  A black mamba (Lair:3)
  2 torpor snails
  13 cane toads
  4 rime drakes
  Jeremiah (D:6)
  A kobold demonologist (D:10)
  8 komodo dragons
  An ice devil (Gauntlet)
  8 trolls
  A wind drake (Lair:5)
  A tarantella (Spider:1)
  5 polar bears
  7 blink frogs
  3 hornets
  3 jumping spiders
  8 dream sheep (Lair:5)
  A snapping turtle (Lair:5)
  Sigmund (D:3)
  2 culicivoras (Spider:1)
  2 shadows
  7 slime creatures
  4 small abominations (Gauntlet)
  A wraith (D:9)
  4 wyverns
  50 yaks
  3 basilisks
  2 wargs (Orc:2)
  3 steam dragons
  A vampire mosquito (D:9)
  10 redbacks
  8 water moccasins
  A swamp worm (Lair:2)
  4 acid dragons
  21 orc warriors
  2 ice beasts
  A sky beast (D:7)
  3 black bears
  2 ogres (Orc:2)
  8 wolves
  5 centaurs
  4 kobold brigands
  9 bullfrogs
  2 gnoll sergeants
  2 scorpions (D:4)
  6 wights
  2 burial acolytes (Ossuary)
  4 killer bees
  3 electric eels (Lair:2)
  5 howler monkeys
  2 hounds
  A jelly (Lair:4)
  3 bombardier beetles
  2 gnoll boudas
  2 sleepcaps
  17 orc priests
  3 iguanas
  19 orc wizards
  6 hell rats (Lair:4)
  A centaur simulacrum (D:8)
  19 gnolls
  11 adders
  A shadow imp (D:7)
  5 white imps
  2 ufetubi (D:7)
  3 adder skeletons (Ossuary)
  A ribbon worm (D:4)
  3 dart slugs
  60 orcs
  9 ball pythons
  6 bats
  6 endoplasms
  A giant cockroach (D:4)
  9 hobgoblins
  7 jackals
  26 kobolds
  2 quokkas (D:1)
  3 ball python skeletons (Ossuary)
  3 frilled lizards
  10 goblins
  A hobgoblin skeleton (Ossuary)
  2 kobold skeletons (Ossuary)
  An orc skeleton (Ossuary)
  8 rats
565 creatures vanquished.

Vanquished Creatures (collateral kills)
  A minotaur (Gauntlet)
1 creature vanquished.

Vanquished Creatures (others)
  An orc sorcerer (Orc:1)
  A sky beast (D:7)
2 creatures vanquished.

Grand Total: 568 creatures vanquished

Notes
Turn   | Place    | Note
-------+----------+-------------------------------------------
     0 | D:1      | Biggs the Coglin Gladiator began the quest for the Orb.
     0 | D:1      | Reached XP level 1. HP: 16/16 MP: 1/1
    41 | D:1      | Reached XP level 2. HP: 22/22 MP: 2/2
   409 | D:1      | Reached XP level 3. HP: 27/27 MP: 3/3
   768 | D:2      | Found an iron altar of Okawaru.
   795 | D:2      | Found Ewidigar's General Store.
   977 | D:2      | Reached XP level 4. HP: 27/33 MP: 4/4
  1019 | D:2      | Reached skill level 5 in Long Blades
  1190 | D:2      | Reached XP level 5. HP: 16/38 MP: 5/5
  1836 | D:3      | Reached XP level 6. HP: 30/44 MP: 6/6
  2154 | D:3      | Noticed Sigmund
  2279 | D:3      | Killed Sigmund
  2520 | D:4      | Reached XP level 7. HP: 44/50 MP: 7/7
  2706 | D:4      | Found a staircase to the Ecumenical Temple.
  2742 | Temple   | Found a transporter.
  2742 | Temple   | Found a transporter.
  2742 | Temple   | Found a transporter.
  2742 | Temple   | Found a transporter.
  2742 | Temple   | Entered the Ecumenical Temple
  2761 | Temple   | Became a worshipper of the Wu Jian Council
  3139 | D:4      | Identified the +6 leather armour of Hedonism {Fly}
  3193 | D:4      | You are sucked into a shaft and drop 3 floors!
  3479 | D:7      | Noticed a wyvern
  3480 | D:7      | Noticed a steam dragon
  3494 | D:7      | Killed a wyvern
  3495 | D:7      | Reached XP level 8. HP: 10/56 MP: 8/8
  3713 | D:7      | Reached * piety under Wu Jian
  3787 | D:7      | Found a sand-covered staircase.
  3794 | Ossuary  | Entered an ossuary
  3962 | Ossuary  | Reached skill level 5 in Dodging
  4654 | D:5      | Entered Level 5 of the Dungeon
  5020 | D:4      | Reached ** piety under Wu Jian
  5024 | D:4      | Reached XP level 9. HP: 61/61 MP: 9/9
  5683 | D:5      | Found a runed translucent gate.
  5707 | D:5      | Found a runed translucent gate.
  5707 | D:5      | Found a runed translucent gate.
  5711 | D:5      | Noticed hexenhour's ghost (novice DjFE)
  5717 | D:5      | Identified the +3 spear of Sitont {venom, rC++}
  5872 | D:5      | Found a roughly hewn altar of Beogh.
  6088 | D:6      | Noticed Jeremiah
  6286 | D:6      | Killed Jeremiah
  6478 | D:6      | Reached skill level 5 in Fighting
  6646 | D:6      | Reached skill level 1 in Evocations
  7105 | D:7      | Reached skill level 5 in Evocations
  7340 | D:7      | Found a hide-covered altar of Uskayaw.
  7340 | D:7      | Found an ancient bone altar of Kikubaaqudgha.
  7340 | D:7      | Found a glowing golden altar of the Shining One.
  7617 | D:8      | Found a staircase to the Lair.
  7889 | D:8      | Reached skill level 10 in Long Blades
  7913 | D:8      | Noticed a two-headed ogre
  7920 | D:8      | Killed a two-headed ogre
  7921 | D:8      | Reached XP level 10. HP: 42/74 MP: 10/10
  8055 | D:9      | Noticed a two-headed ogre
  8065 | D:9      | Killed a two-headed ogre
  8126 | D:9      | Noticed a cyclops
  8136 | D:9      | Killed a cyclops
  8149 | D:9      | Reached *** piety under Wu Jian
  8167 | D:9      | Noticed a green ugly thing
  8553 | D:9      | Reached XP level 11. HP: 79/79 MP: 11/11
  8622 | D:9      | Killed a green ugly thing
  8674 | D:9      | Noticed a manticore
  8678 | D:9      | Killed a manticore
  8702 | D:9      | Identified the +4 trident of Sloth {venom, Dex+3 SInv}
  8702 | D:9      | Identified the amulet of Elyvilon's Grace {Faith rF+}
  8761 | D:9      | Identified the +3 shortbow "Yqoefaeg" {elec, rPois Dex+2}
  8766 | D:9      | Identified the staff of the Dove {rN+ Air Earth}
  8793 | D:9      | Identified a scroll of acquirement
  8815 | D:9      | Acquired the +0 pair of fencer's gloves {Riposte Dex+3}
  8815 | D:9      | Found the +0 pair of fencer's gloves {Riposte Dex+3}
  8969 | D:9      | Found a bloodstained altar of Trog.
  8976 | D:9      | Found a glowing silver altar of Zin.
  8976 | D:9      | Found a basalt altar of Yredelemnul.
  8977 | D:9      | Found a broken altar of Ashenzari.
  8982 | D:9      | Found a shadowy altar of Dithmenos.
  9088 | D:9      | Found a white marble altar of Elyvilon.
  9097 | D:9      | Found a burning altar of Makhleb.
  9130 | D:10     | Entered Level 10 of the Dungeon
  9229 | D:10     | Reached **** piety under Wu Jian
  9381 | D:10     | Found a large runed translucent door.
  9382 | D:10     | Found a large runed translucent door.
  9390 | D:10     | Noticed a brown ugly thing
  9390 | D:10     | Noticed a cyclops
  9440 | D:10     | Found a large runed translucent door.
  9440 | D:10     | Found a large runed translucent door.
  9521 | D:10     | Found an iron altar of Okawaru.
  9972 | D:10     | Reached skill level 10 in Evocations
  9981 | D:10     | Noticed a two-headed ogre
  9982 | D:10     | Noticed a centaur warrior
  9986 | D:10     | Killed a two-headed ogre
  9996 | D:10     | Killed a centaur warrior
 10202 | D:10     | Reached XP level 12. HP: 48/91 MP: 12/12
 10276 | D:10     | Noticed a boulder beetle
 10290 | D:10     | Killed a boulder beetle
 10667 | Lair:1   | Entered Level 1 of the Lair of Beasts
 10747 | Lair:1   | Found a gate leading to a gauntlet.
 10757 | Gauntlet | Entered a Gauntlet
 10757 | Gauntlet | Found a transporter.
 10767 | Gauntlet | Found a transporter.
 10770 | Gauntlet | Found a transporter.
 10771 | Gauntlet | Found a transporter.
 10778 | Gauntlet | Found a runed translucent door.
 10781 | Gauntlet | Found a transporter.
 10782 | Gauntlet | Found a transporter.
 10783 | Gauntlet | Found a transporter.
 10791 | Gauntlet | Found a transporter.
 10794 | Gauntlet | Found a transporter.
 10795 | Gauntlet | Found a transporter.
 10803 | Gauntlet | Found a transporter.
 10806 | Gauntlet | Found a transporter.
 10807 | Gauntlet | Found a transporter.
 10813 | Gauntlet | Noticed a thrashing horror
 10815 | Gauntlet | Noticed a thrashing horror
 10818 | Gauntlet | Found a transporter.
 10844 | Gauntlet | Noticed a blizzard demon
 11094 | Gauntlet | Identified the ring "Zes Zoce" {Will+ Str+6 Dex+5}
 11119 | Gauntlet | Reached skill level 10 in Fighting
 11136 | Gauntlet | Identified the ring "Milale" {Will+ Str-5 Int+2 Dex+3 SInv}
 11236 | Gauntlet | Killed a blizzard demon
 11305 | Gauntlet | Identified the +1 hat of Rudy {Regen+ Str+4}
 11348 | Gauntlet | Killed a thrashing horror
 11353 | Gauntlet | Killed a thrashing horror
 11364 | Gauntlet | Identified the +1 pair of gloves of Hairiness {^Contam
                  | rElec Int+3 Stlth+}
 11382 | Gauntlet | Found the +3 warlock's mirror {omnireflect}
 11382 | Gauntlet | Noticed a minotaur
 11388 | Gauntlet | Killed a minotaur
 11388 | Gauntlet | Reached ***** piety under Wu Jian
 11441 | Gauntlet | Identified the ring "Tuataph" {Str+6 Slay+3}
 11648 | Lair:1   | Found a transporter.
 11655 | Lair:1   | Noticed a hell hog
 11672 | Lair:1   | Noticed Rickenoc's ghost (journeyman GnSu)
 11704 | Lair:1   | Found a transporter.
 12017 | Lair:2   | Reached skill level 10 in Dodging
 12090 | Lair:2   | Reached XP level 13. HP: 86/103 MP: 13/13
 12371 | Lair:2   | Found a staircase to the Swamp.
 12674 | Lair:2   | Found a transporter.
 12678 | Lair:2   | Noticed pokedragonboy's ghost (journeyman AtWr)
 12711 | Lair:2   | Found a transporter.
 13276 | Lair:3   | Found a hole to the Spider Nest.
 14407 | Lair:4   | Found a viscous altar of Jiyva.
 14408 | Lair:4   | Found a staircase to the Slime Pits.
 14964 | Lair:5   | Entered Level 5 of the Lair of Beasts
 15007 | Lair:5   | Reached ****** piety under Wu Jian
 15228 | Lair:5   | Reached XP level 14. HP: 93/118 MP: 14/14
 15229 | Lair:5   | Identified the +10 trident of Nenink {freeze, ^Fragile rN+
                  | Int+3 Dex+5}
 15250 | Lair:5   | Got the Enchiridion on the Geological Traveller
 15259 | Lair:5   | Identified the ring of Qugaege {Wiz *Corrode rElec Slay+2}
 15274 | Lair:5   | Acquired a cryopneumatic capacitor {RevMP, rPois Will+
                  | rCorr}
 15315 | Lair:5   | Noticed a dire elephant
 15329 | Lair:5   | Killed a dire elephant
 15810 | Lair:4   | Learned a level 7 spell: Manifold Assault
 16023 | Lair:2   | Identified the +0 cloak "Fosuc" {rElec Int+3}
 16105 | Lair:2   | Killed pokedragonboy's ghost
 16246 | D:11     | Found a portal to a secret trove of treasure.
 16536 | D:11     | Identified the amulet of Jikherph {Faith rF+ Str+3}
 16744 | D:11     | Noticed Erolcha
 16754 | D:11     | Killed Erolcha
 16782 | D:11     | Acquired 715 gold pieces
 17060 | D:12     | Noticed Snorg
 17068 | D:12     | Killed Snorg
 17447 | D:12     | Found a staircase to the Orcish Mines.
 17679 | Orc:1    | Entered Level 1 of the Orcish Mines
 18058 | Orc:2    | Entered Level 2 of the Orcish Mines
 18298 | Orc:2    | Noticed an orc warlord
 18302 | Orc:2    | Reached skill level 15 in Evocations
 18325 | Orc:2    | Killed an orc warlord
 18327 | Orc:2    | Reached XP level 15. HP: 51/127 MP: 15/15
 18345 | Orc:2    | Found a roughly hewn altar of Beogh.
 18346 | Orc:2    | Found Mez Curi's Antique Armour Shoppe.
 18352 | Orc:2    | Found Ytuheus's General Store.
 18361 | Orc:2    | Reached skill level 15 in Fighting
 18466 | Orc:2    | Found Ajiap's Book Shoppe.
 18729 | Orc:2    | Found a staircase to the Elven Halls.
 18768 | Orc:2    | Found Peliacs's Antique Weapon Shoppe.
 18807 | Orc:2    | Bought a wand of quicksilver (5) for 273 gold pieces
 18807 | Orc:2    | Bought a potion of curing for 39 gold pieces
 19136 | Spider:1 | Entered Level 1 of the Spider Nest
 19296 | Spider:1 | Mangled by a jumping spider simulacrum

Illustrated notes

Levels and vault maps discovered:
D:1:      denvon_arrival_planthouse, layout_loops_cross
D:2:      minmay_door_path, layout_rooms, serial_shops,
          nicolae_shop_hallway_plus, basic_altar, grunt_decor_one_mirror,
          kennysheep_generic_room_2
D:3:      layout_basic, minmay_misc_feat_iff, uniq_sigmund
D:4:      layout_basic, minmay_temple_entry_mini_moons, grunt_decor_fettered,
          chequers_jeans, grunt_ministairs_11, nrook_mini_vaults
D:5:      layout_loops_corners, biasface_ghost_orc_armoury, st_stairs_8,
          guppyfry_early_orc_mine
D:6:      layout_loops_corners, uniq_jeremiah
D:7:      minmay_razor_zed, layout_loops_ring, gammafunk_temple_overflow_claw,
          nicolae_ossuary_entry_monument
D:8:      layout_cave_pools, dpeg_oklobed_lair, minmay_three_doors
D:9:      minmay_the_grid_square_5x5_3x3 [minmay_the_grid_square_5x5_forky,
          minmay_the_grid_square_5x5_three_walls, minmay_the_grid_square_5x5_c,
          minmay_the_grid_square_5x5_eight_small,
          minmay_the_grid_square_5x5_megaprize_checkered,
          minmay_the_grid_square_5x5_gyroscope,
          minmay_the_grid_square_5x5_inset, minmay_the_grid_square_5x5_comb,
          minmay_the_grid_square_5x5_sharp_hourglass], layout_cave_pools,
          mainiacjoe_overflow_swirl, minitemple
D:10:     layout_basic, kennysheep_little_box, minmay_hollow_rounded_squares
D:11:     layout_grid_maze, nicolae_trove_entry_isolated, uniq_erolcha
D:12:     layout_loops_ring, orc_0_dummy, uniq_snorg
Temple:   hellmonk_temple_divided_pantheon
Lair:1:   layout_cave_shapes, gauntlet_entry_generic,
          gammafunk_ghost_abyssal_escape
Lair:2:   layout_cave_pods, nicolae_swamp_entry_splash_gauntlet,
          gammafunk_ghost_berserking_beasts, lemuel_fruit_tree,
          grunt_megastairs_1
Lair:3:   layout_layer_cave, spider_nest_entry_a, infiniplex_staircase_pool,
          serial_bayou_shore_b
Lair:4:   layout_layer_cave, minmay_slime_entry_pillars
Lair:5:   gammafunk_lair_ancient_temple, layout_cave_pods
Spider:1: layout_chambers
Orc:1:    layout_caves
Orc:2:    grunt_orc_cross, layout_diamond_mine, special_room

Skill      XL: |  1  2  3  4  5  6  7  8  9 10 11 12 13 14 15 |
---------------+----------------------------------------------+-----
Long Blades    | 4 5 6 7 9 11 13 14 | 14.3
Dodging        | 3 7 10 11 | 11.6
Fighting       | 5 7 10 13 14 15 | 15.6
Evocations     | 5 10 15 | 15.0
Throwing       | |  1.7

Action                     |  1- 3 |  4- 6 |  7- 9 | 10-12 | 13-15 || total
---------------------------+-------+-------+-------+-------+-------++-------
  Melee: Long sword        |    72 |   132 |   415 |   842 |  1606 ||  3067
         Dagger            |    60 |   117 |   174 |       |       ||   351
         Short sword       |       |       |    96 |       |       ||    96
 Invoke: Serpent's Lash    |       |       |       |     1 |     1 ||     2
         Heavenly Storm    |       |       |       |       |     1 ||     1
Ability: Lunge             |       |       |    29 |    33 |    50 ||   112
         Whirlwind         |       |       |    28 |    52 |   348 ||   428
         Invent Gizmo      |       |       |       |       |     1 ||     1
  Evoke: Phantom mirror    |       |       |       |     1 |     1 ||     2
         Wand              |       |       |       |       |    13 ||    13
    Use: Scroll            |       |     1 |    10 |    13 |     4 ||    28
         Potion            |       |       |     1 |     1 |     1 ||     3
   Stab: Sleeping          |     1 |       |     5 |       |     3 ||     9
         Distracted        |       |       |       |     1 |     2 ||     3
         Petrified         |       |       |       |       |     2 ||     2
 Armour: Leather armour    |    40 |    80 |   169 |    61 |   301 ||   651
         Troll leather arm |       |       |       |   130 |       ||   130
  Dodge: Dodged            |    52 |   114 |   155 |   213 |   482 ||  1016
Riposte: Long sword        |       |       |       |    61 |   202 ||   263

Table legend: (Time is in decaauts)
 A = Elapsed time spent in this place.
 B = Non-inter-level travel time spent in this place.
 C = Inter-level travel time spent in this place.
 D = Time resting spent in this place.
 E = Time spent auto-exploring this place.
 F = Levels seen in this place.
 G = Mean time per level.
                   A        B        C        D        E       F      G
               +--------+--------+--------+--------+--------+-----+--------+
         Total |  19069 |  17941 |   1128 |    889 |  13070 |  23 |  829.1 |
       Dungeon |  11710 |  11066 |    644 |    413 |   8545 |  12 |  975.8 |
        Temple |     37 |     21 |     16 |      0 |      0 |   1 |   37.0 |
          Lair |   4768 |   4441 |    327 |     71 |   3430 |   5 |  953.6 |
   Spider Nest |    157 |    157 |      0 |      0 |    105 |   1 |  157.0 |
  Orcish Mines |   1322 |   1182 |    140 |     67 |    817 |   2 |  661.0 |
       Ossuary |    412 |    412 |      0 |     69 |    173 |   1 |  412.0 |
      Gauntlet |    660 |    660 |      0 |    268 |      0 |   1 |  660.0 |
               +--------+--------+--------+--------+--------+-----+--------+

Top non-repeatable levels by time:
    D:10: 1527 daAuts
     D:7: 1265 daAuts
  Lair:2: 1204 daAuts
     D:6: 1160 daAuts
  Lair:4: 1132 daAuts
     D:4: 1063 daAuts
  Lair:3: 1024 daAuts
     D:5: 1014 daAuts
     D:9: 913 daAuts
     D:2: 911 daAuts
     D:8: 874 daAuts
     D:3: 791 daAuts
  Lair:5: 790 daAuts
    D:11: 786 daAuts
   Orc:2: 775 daAuts
